 Dungeon Crawl Stone Soup version 0.28-b1 (webtiles) character file.

Game seed: 16322129895221641665

51 Araneus the Cudgeller (level 3, 0/43 HPs)
             Began as a Demonspawn Fighter on Jan 26, 2022.
             Slain by a goblin (1 damage)
             ... led by Robin
             ... on level 2 of the Dungeon.
             The game lasted 00:03:47 (1153 turns).

Araneus the Cudgeller (Demonspawn Fighter)          Turns: 1153, Time: 00:03:48

Health: 0/43       AC: 21    Str: 18    XL:     3   Next: 57%
Magic:  3/3        EV:  2    Int:  9    God:
Gold:   29         SH:  4    Dex: 12    Spells: 2/2 levels left

rFire   . . .      SeeInvis .   a - +0 flail
rCold   . . .      Faith    .   c - +0 buckler
rNeg    . . .      Spirit   .   (armour currently unavailable)
rPois   +          Reflect  .   (helmet currently unavailable)
rElec   .          Harm     .   (cloak currently unavailable)
rCorr   .          Rampage  .   (gloves currently unavailable)
Will    .....      NoTele   +   (boots currently unavailable)
Stlth   +.........              (no amulet)
HPRegen 0.14/turn               (no ring)
MPRegen 0.08/turn               (no ring)

@: mighty, brilliant, tree-form
A: stationary, stasis, torment immunity, boosted hp, ignite blood 1
a: no special abilities


You were on level 2 of the Dungeon.
You were a tree.
You visited 1 branch of the dungeon, and saw 2 of its levels.

You collected 74 gold pieces.
You spent 45 gold pieces at shops.

Inventory:

Hand Weapons
 a - a +0 flail (weapon)
Missiles
 j - 2 javelins (quivered)
 o - 5 poisoned darts
Armour
 b - a +0 scale mail (melded)
 c - a +0 buckler (worn)
 m - the +0 pair of boots of Riedetrefut {rElec rPois Str-4 Dex-5}
   (You bought it in a shop on level 2 of the Dungeon)

   Str:       It affects your strength (-4).
   Dex:       It affects your dexterity (-5).
   rElec:     It insulates you from electricity.
   rPois:     It protects you from poison.
Jewellery
 i - a ring of resist corrosion
Scrolls
 g - a scroll of teleportation {unknown}
 h - a scroll of brand weapon {unknown}
 k - a scroll of identify {unknown}


   Skills:
 - Level 3.0 Fighting
 + Level 3.6 Maces & Flails
 - Level 2.6 Armour
 - Level 2.6 Shields


You had 2 spell levels left.
You didn't know any spells.
Your spell library was empty.

Dungeon Overview and Level Annotations

Branches:
Dungeon (2/15)

Altars:

Shops:
D:2 [


Innate Abilities, Weirdness & Mutations

You are a tree.
Your roots penetrate the ground, keeping you stationary.
You cannot be teleported.
You are immune to unholy pain and torment.
Your maximum health is greatly increased.
Your equipment is partially melded.
Your demonic aura sometimes causes spilled blood to erupt in flames.


Message History

The goblin hits you with a +0 club.
You cannot move. (Use ctrl+direction or * direction to attack without moving.)
You cannot move. (Use ctrl+direction or * direction to attack without moving.)
You cannot move. (Use ctrl+direction or * direction to attack without moving.)
There are monsters nearby!
You cannot move. (Use ctrl+direction or * direction to attack without moving.)
You cannot move. (Use ctrl+direction or * direction to attack without moving.)
You nearly hit yourself!
The ogre hits you but does no damage. The goblin hits you with a +0 club.
You attack the rock wall.
You feel less invigorated.
You feel less confused. The goblin hits you but does no damage.
The ogre hits you with a +0 giant spiked club!
* * * LOW HITPOINT WARNING * * *
You sock the goblin!
You kill the goblin!
The ogre hits you with a +0 giant spiked club!
* * * LOW HITPOINT WARNING * * *
You sock the ogre!
The ogre is heavily wounded.
You block the goblin's attack.
You hit the ogre.
The ogre is severely wounded.
You block the ogre's attack.
The goblin hits you but does no damage. x2
A goblin comes into view. It is wielding a +0 dagger.
The goblin shouts!
You hit the ogre.
The ogre is severely wounded.
You hear a shout!
The ogre hits you with a +0 giant spiked club.
* * * LOW HITPOINT WARNING * * *
You block the goblin's attack.
A goblin comes into view. It is wielding a +0 dagger.
The ogre barely misses you.
You aren't carrying any potions.
Unknown command.
You sock the ogre!
You kill the ogre!
The goblin hits you with a +0 dagger.
You die...

#. #...............# .....
.#'###...............# #.#..
...............†#....####.#..
................#............
........###.....'............
........###.###.#....####...#
.........##.....#.......+....
.....g..#########.#######...#
......g....)♣g.##.##.# #####
........######.##....##### #
........# #.#####.....####
...###########'## #.........
... #...g..# #.###.####
....######g#....# #.........
........g.....####..##+####
.g..g...g.................#
..........................#


You could see 3 goblins.

Vanquished Creatures
  An ogre (D:2)
  Natasha (D:2)
  A worm (D:2)
  A dart slug (D:1)
  2 giant cockroaches (D:1)
  4 goblins
  2 hobgoblins
  2 quokkas (D:1)
  3 ball pythons (D:1)
  2 bats
  A kobold (D:1)
  2 rats (D:1)
22 creatures vanquished.

Notes
Turn   | Place    | Note
-------+----------+-------------------------------------------
     0 | D:1      | Araneus the Demonspawn Fighter began the quest for the Orb.
     0 | D:1      | Reached XP level 1. HP: 18/18 MP: 1/1
   320 | D:1      | Gained mutation: Your demonic aura sometimes causes spilled
                  | blood to erupt in flames. [demonic ancestry]
   320 | D:1      | Reached XP level 2. HP: 22/24 MP: 2/2
   755 | D:1      | Found a faded altar of an unknown god.
   845 | D:2      | Found Paen's Armour Shoppe.
   849 | D:2      | Bought the +0 pair of boots of Riedetrefut {rElec rPois
                  | Str-4 Dex-5} for 45 gold pieces
   995 | D:2      | Noticed Natasha
  1001 | D:2      | Noticed a crimson imp
  1002 | D:2      | Killed Natasha
  1003 | D:2      | Reached XP level 3. HP: 22/29 MP: 3/3
  1138 | D:2      | Noticed an ogre
  1152 | D:2      | HP: 1/43 [ogre (4)]
  1153 | D:2      | Killed an ogre
  1153 | D:2      | Slain by a goblin

Illustrated notes

Levels and vault maps discovered:
D:1:      shiori_arrival_oz, layout_basic,
          shapermc_ecumenical_altar_starsandcircs
D:2:      layout_basic, serial_shops, nicolae_shop_hallway_stairs, basic_altar,
          lightli_corner_chamber, uniq_robin, uniq_natasha

Skill      XL: |  1  2 |
---------------+-------+-----
Maces & Flails | 2 3 |  3.6
Fighting       | |  3.0
Armour         | |  2.6
Shields        | |  2.6

Action                   || total
-------------------------++-------
Melee: Flail             ||    54
  Use: Potion            ||     5
Armor: Scale mail        ||    27
       Skin              ||     5
Dodge: Dodged            ||    16
Block: Buckler           ||    12
